 Dungeon Crawl Stone Soup version 0.28.0-53-g5a82cb258f (webtiles) character file.

Game seed: 17776482055077071009

3619 bnorton916 the Thaumaturge (level 9, -7/45 HPs)
             Began as a Deep Elf Fire Elementalist on June 17, 2022.
             Was an Initiate of Gozag.
             Mangled by a slime creature (16 damage)
             ... on level 7 of the Dungeon.
             The game lasted 00:10:09 (11323 turns).

bnorton916 the Thaumaturge (DEFE)                  Turns: 11323, Time: 00:10:10

Health: -7/45      AC:  6    Str:  7    XL:     9   Next: 86%
Magic:  17/26      EV: 12    Int: 29    God:    Gozag
Gold:   830        SH:  0    Dex: 15    Spells: 18/30 levels left

rFire   . . .      SeeInvis .   t - +6 hunting sling of the Dripping Vulture {freeze, rPois}
rCold   . . .      Faith    .   (no shield)
rNeg    . . .      Spirit   .   a - +0 robe
rPois   +          Reflect  .   E - +0 helmet
rElec   .          Harm     .   (no cloak)
rCorr   .          Rampage  .   l - +2 pair of gloves
Will    .....                   (no boots)
Stlth   ++........              (no amulet)
HPRegen 0.15/turn               g - +6 ring of intelligence
MPRegen 0.20/turn               (no ring)

@: gold aura
A: no striking features
a: Renounce Religion, Potion Petition, Call Merchant, Bribe Branch


You were on level 7 of the Dungeon.
You worshipped Gozag.
Gozag was pleased with you.
You visited 2 branches of the dungeon, and saw 8 of its levels.

You collected 878 gold pieces.
You paid 48 gold pieces to Gozag.

Inventory:

Hand Weapons
 j - a +5 short sword
 t - the +6 hunting sling of the Dripping Vulture (weapon) {freeze, rPois}
   (You found it on level 4 of the Dungeon)

   Any ammunition fired from it freezes those it strikes, dealing additional
   cold damage.
   It can also slow down cold-blooded creatures.
   rPois:     It protects you from poison.
Missiles
 d - 189 stones
 s - 23 poisoned darts
 u - 6 javelins
 z - 24 sling bullets (quivered ammo)
 B - 4 datura-tipped darts
 C - a curare-tipped dart
 D - 5 boomerangs
Armour
 a - a +0 robe (worn)
 l - a +2 pair of gloves (worn)
 E - a +0 helmet (worn)
Jewellery
 g - a +6 ring of intelligence (left hand)
Wands
 A - a wand of flame (18)
Scrolls
 c - 3 scrolls of fear
 h - a scroll of vulnerability
 n - a scroll of magic mapping
 o - a scroll of blinking
 q - a scroll of fog
 r - a scroll of enchant armour
 w - a scroll of noise
 y - a scroll of teleportation
Potions
 b - a potion of ambrosia {unknown}
 e - a potion of haste {unknown}
 f - 3 potions of curing
 i - 4 potions of heal wounds
 k - a potion of berserk rage {unknown}
 m - a potion of degeneration {unknown}
 p - a potion of mutation {unknown}
 v - a potion of attraction {unknown}
 x - a potion of lignification {unknown}


   Skills:
 - Level 2.4 Dodging
 - Level 2.4 Stealth
 + Level 11.1 Spellcasting
 + Level 8.9 Conjurations
 + Level 9.5 Fire Magic
 - Level 2.0 Poison Magic


You had 18 spell levels left.
You knew the following spells:

 Your Spells              Type           Power      Damage    Failure   Level
a - Foxfire               Conj/Fire      100%       2x1d9     1%          1
b - Scorch                Fire           100%       2d10      1%          2
c - Conjure Flame         Conj/Fire      62%        6-21      1%          3
d - Flame Wave            Conj/Fire      62%        2d12      1%          4
e - Poisonous Vapours     Pois/Air       42%        N/A       3%          2

Your spell library contained the following spells:

 Spells                   Type           Power      Damage    Failure   Level
 Dazzling Flash           Conj/Hex       82%        N/A       1%          3
 Inner Flame              Hex/Fire       43%        N/A       1%          3
 Freeze                   Ice            64%        1d8       3%          1
 Pain                     Necr           64%        1d7       3%          1
 Slow                     Hex            64%        N/A       3%          1
 Corpse Rot               Necr/Air       32%        N/A       4%          2
 Agony                    Necr           16%        N/A       67%         5
 Silence                  Hex/Air        8%         N/A       67%         5


Dungeon Overview and Level Annotations

Branches:
Dungeon (7/15)             Temple (1/1) D:4

Altars:
Ashenzari
Cheibriados
Dithmenos
Elyvilon
Fedhas
Gozag
Hepliaklqana
Kikubaaqudgha
Makhleb
Okawaru
Qazlal
Ru
Sif Muna
Uskayaw
Vehumet
Wu Jian
Xom
Yredelemnul
Zin
The Shining One

Annotations:
D:4 1 runed translucent door, Crazy Yiuf


Message History

Casting: Foxfire (safe; 1% risk of failure)
Confirm with . or Enter, or press ? or * to list all spells.
You conjure some foxfire!
The foxfire hits the slime creature.
The slime creature is lightly wounded.
The foxfire hits the slime creature!
The slime creature is moderately wounded.
The slime creature is distracted by your dazzling golden aura.
Casting: Foxfire (safe; 1% risk of failure)
Confirm with . or Enter, or press ? or * to list all spells.
You conjure some foxfire!
The jelly is no longer distracted by gold.
The foxfire hits the slime creature.
The slime creature is moderately wounded.
The slime creature is no longer distracted by gold.
The foxfire hits the slime creature.
The slime creature is moderately wounded.
Casting: Foxfire (safe; 1% risk of failure)
Confirm with . or Enter, or press ? or * to list all spells.
Flames lash the jelly.
You kill the jelly!
The slime creature hits you!!
Unknown command.
Casting: Scorch (safe; 1% risk of failure)
Confirm with . or Enter, or press ? or * to list all spells.
Flames lash the slime creature.
The slime creature is heavily wounded.
The slime creature's fire resistance burns away.
The slime creature jiggles.
The slime creature closely misses you. The slime creature hits you!!
* * * LOW HITPOINT WARNING * * *
Casting: Scorch (safe; 1% risk of failure)
Confirm with . or Enter, or press ? or * to list all spells.
Flames lash the slime creature.
The slime creature is burned terribly!
The slime creature is severely wounded.
The slime creature barely misses you. The slime creature hits you!
You die...
Your body crumbles into a pile of gold.

.......#......##.##
.###.)....)....#..# ##
###..........# ## #
###........#.## .######
.###....#........##?......
.#...#..#......$.....#..##
.#.###.########...........
...# #.# ##).......##
#..###.# #@J$.......
#.##..# ##$#.......
#.##.## #<$.##.... ##....#
####$...#. ...#..# .....
.....###### #####
...#.)..#.# ..........#
##.#....#.#


You could see a slime creature (combustible).

Vanquished Creatures
  A gargoyle (D:5)
  Prince Ribbit (D:7)
  6 yaks (D:5)
  Menkaure (D:7)
  A hornet zombie (D:5)
  2 ice beasts
  A sky beast (D:6)
  A necrophage (D:4)
  An ogre (D:6)
  A kobold brigand (D:6)
  4 bullfrogs
  3 scorpions
  A wyvern skeleton (D:7)
  A water moccasin skeleton (D:5)
  3 wights (D:7)
  3 howler monkeys (D:6)
  A bullfrog zombie (D:5)
  A centaur zombie (D:6)
  4 jellies
  A hound (D:5)
  2 orc priests (D:5)
  A centaur skeleton (D:7)
  2 orc wizards (D:6)
  Natasha (thrice) (D:4)
  3 iguanas
  2 hound skeletons (D:5)
  7 gnolls (D:7)
  4 adders
  A shadow imp (D:6)
  A white imp (D:6)
  An adder skeleton (D:4)
  2 worms
  2 dart slugs
  17 orcs
  4 ball pythons
  16 endoplasms
  A giant cockroach (D:1)
  4 goblins
  6 hobgoblins
  4 jackals (D:4)
  7 kobolds
  4 quokkas
  4 bats
  5 frilled lizards
  4 rats
145 creatures vanquished.

Vanquished Creatures (others)
  517 foxfires
  9 fungi (D:7)
526 creatures vanquished.

Grand Total: 671 creatures vanquished

Notes
Turn   | Place    | Note
-------+----------+-------------------------------------------
     0 | D:1      | bnorton916 the Deep Elf Fire Elementalist began the quest
                  | for the Orb.
     0 | D:1      | Reached XP level 1. HP: 10/10 MP: 6/6
   262 | D:1      | Reached XP level 2. HP: 15/15 MP: 5/8
   318 | D:1      | Found a faded altar of an unknown god.
   919 | D:2      | Reached XP level 3. HP: 19/19 MP: 7/10
  1609 | D:2      | Learned a level 2 spell: Scorch
  1613 | D:2      | Learned a level 3 spell: Conjure Flame
  1712 | D:2      | Reached skill level 4 in Spellcasting
  2244 | D:3      | Got Ilaqal's Introduction to the Arcane Arts
  2359 | D:3      | Reached XP level 4. HP: 24/24 MP: 4/12
  3427 | D:4      | Identified the +6 hunting sling of the Dripping Vulture
                  | {freeze, rPois}
  3677 | D:4      | Found a staircase to the Ecumenical Temple.
  3680 | D:4      | Noticed a necrophage
  3686 | D:4      | Noticed Natasha
  3713 | D:4      | Killed a necrophage
  3714 | D:4      | Reached skill level 5 in Spellcasting
  3714 | D:4      | Reached XP level 5. HP: 28/28 MP: 3/14
  3719 | D:4      | Killed Natasha
  3824 | Temple   | Entered the Ecumenical Temple
  3933 | Temple   | Became a worshipper of Gozag Ym Sagoz the Greedy
  3968 | D:4      | Noticed Natasha
  3972 | D:4      | Killed Natasha
  3976 | D:4      | Noticed Natasha
  3984 | D:4      | Killed Natasha
  3985 | D:4      | Reached skill level 5 in Fire Magic
  4176 | D:4      | Reached XP level 6. HP: 32/32 MP: 14/16
  4328 | D:4      | Found a runed translucent door.
  4329 | D:4      | Noticed Crazy Yiuf
  4687 | D:5      | Entered Level 5 of the Dungeon
  5137 | D:5      | Noticed a gargoyle
  5151 | D:5      | Killed a gargoyle
  5152 | D:5      | Reached skill level 6 in Spellcasting
  5152 | D:5      | Reached skill level 5 in Conjurations
  5152 | D:5      | Reached XP level 7. HP: 9/36 MP: 3/19
  5926 | D:5      | Reached skill level 7 in Spellcasting
  7132 | D:5      | Noticed a yak
  7133 | D:5      | Noticed a yak
  7152 | D:5      | Noticed a yak
  7153 | D:5      | Noticed a yak
  7154 | D:5      | Noticed a yak
  7155 | D:5      | Killed a yak
  7155 | D:5      | Noticed a yak
  7156 | D:5      | Reached XP level 8. HP: 41/41 MP: 14/21
  7170 | D:5      | Reached skill level 8 in Spellcasting
  7451 | D:5      | Learned a level 4 spell: Flame Wave
  7454 | D:5      | Learned a level 2 spell: Poisonous Vapours
  7536 | D:5      | Reached skill level 1 in Poison Magic
  7561 | D:5      | Reached skill level 9 in Spellcasting
  8076 | D:6      | Reached XP level 9. HP: 45/45 MP: 19/24
  9214 | D:7      | Noticed Prince Ribbit
  9219 | D:6      | Reached skill level 10 in Spellcasting
 10150 | D:7      | Killed Prince Ribbit
 10906 | D:7      | Noticed Menkaure
 10917 | D:7      | Killed Menkaure
 11046 | D:7      | Reached skill level 11 in Spellcasting
 11323 | D:7      | Mangled by a slime creature

Illustrated notes

Levels and vault maps discovered:
D:1:      dpeg_arrival_tiny_g, layout_rooms, basic_ecumenical_altar
D:2:      layout_basic
D:3:      layout_loops_ring
D:4:      cheibrodos_old_hovel, layout_loops_cross,
          minmay_temple_entry_drinking_statues, minmay_misc_feat_chi,
          minmay_ruptured, uniq_natasha, uniq_crazy_yiuf_cottage
D:5:      layout_loops_ring
D:6:      layout_loops_cross
D:7:      lemuel_slime, layout_rooms, nemelex_altar_shiori, uniq_menkaure,
          uniq_prince_ribbit1
Temple:   regret_index_temple_sigil_plot

Skill      XL: |  1  2  3  4  5  6  7  8  9 |
---------------+----------------------------+-----
Conjurations   | 2 3 5 6 7 8 |  8.9
Spellcasting   | 4 5 6 7 9 11 | 11.1
Fire Magic     | 4 5 6 8 9 |  9.5
Poison Magic   | 2 |  2.0
Dodging        | |  2.4
Stealth        | |  2.4

Action                   |  1- 3 |  4- 6 |  7- 9 || total
-------------------------+-------+-------+-------++-------
 Fire: Hunting sling     |       |     6 |     3 ||     9
 Cast: Foxfire           |   110 |    72 |   130 ||   312
       Scorch            |     2 |    19 |    64 ||    85
       Conjure Flame     |       |     5 |    11 ||    16
       Flame Wave        |       |       |     2 ||     2
  Use: Scroll            |       |       |    10 ||    10
Armor: Robe              |     1 |     6 |    44 ||    51
Dodge: Dodged            |     5 |     4 |    66 ||    75
